 Dungeon Crawl Stone Soup version 0.29.1-4-g47bece8355 (webtiles) character file.

Game seed: 8887291659271684880

9415 hawla the Destroyer (level 12, -1/202 HPs)
             Began as a Meteoran Ice Elementalist on Dec 11, 2022.
             Was a Follower of Vehumet.
             Slain by a minotaur
             ... wielding a +0 demon blade
              (18 damage)
             ... in a Gauntlet.
             The game lasted 00:35:48 (3725 turns).

hawla the Destroyer (Meteoran Ice Elementalist)     Turns: 3725, Time: 00:35:49

Health: -1/202     AC: 30    Str: 10    XL:     12   Next: 4%
Magic:  0/26       EV:  2    Int: 29    God:    Vehumet [*.....]
Gold:   113        SH:  0    Dex: 14    Spells: 16/30 levels left

rFire   . . .      SeeInvis .   j - +1 quarterstaff
rCold   . . .      Faith    .   (shield currently unavailable)
rNeg    . . .      Spirit   +   (body armour currently unavailable)
rPois   +          Reflect  .   (helmet currently unavailable)
rElec   .          Harm     .   (cloak currently unavailable)
rCorr   .          Rampage  .   (gloves currently unavailable)
Will    +....      NoTele   +   (boots currently unavailable)
Stlth   ..........              o - amulet of guardian spirit
HPRegen 0.43/turn               i - +4 ring of protection
MPRegen 0.20/turn               r - +6 ring of intelligence

@: berserking (expiring), tree-form, glowing, very quick
A: stationary, stasis, torment immunity, boosted hp, sense surroundings 2,
otherworldly, glowing, explore regen, (fire resistance 1), frail 1, (sturdy
frame 1)
a: Renounce Religion


You were in a Gauntlet.
You worshipped Vehumet.
Vehumet was aware of your devotion.
You were a tree.
You visited 3 branches of the dungeon, and saw 11 of its levels.
You also visited: Sewer and Gauntlet.

You collected 401 gold pieces.
You spent 288 gold pieces at shops.

Inventory:

Hand Weapons
 j - a +1 quarterstaff (weapon)
Armour
 a - a +2 robe (melded)
 b - a +2 hat of intelligence (melded)
 E - a +2 pair of gloves of dexterity (melded)
Magical Staves
 d - a staff of death
 G - a staff of cold
Jewellery
 i - a +4 ring of protection (left branch)
 o - an amulet of guardian spirit (around neck)
 p - a ring of positive energy
 r - a +6 ring of intelligence (right branch)
 v - the amulet "Nues" {-Cast rPois rC+ Regen+}
   (You found it in a Gauntlet)

   [amulet of regeneration]

   rC:        It protects you from cold.
   rPois:     It protects you from poison.
   -Cast:     It prevents spellcasting.
   Regen:     It increases your rate of health regeneration.
 y - a ring of flight
 C - a +4 ring of protection
 F - a ring of see invisible
Wands
 e - a wand of flame (4) (quivered)
 n - a wand of acid (5)
Scrolls
 f - 2 scrolls of enchant armour
 q - 2 scrolls of teleportation
 t - a scroll of butterflies
 B - a scroll of identify
 D - a scroll of noise {unknown}
 H - 2 scrolls of brand weapon
Potions
 c - 4 potions of flight
 g - 2 potions of berserk rage
 h - a potion of resistance
 k - 4 potions of attraction
 l - a potion of ambrosia
 m - a potion of brilliance
 s - 2 potions of haste
 w - 2 potions of curing
 x - 2 potions of might


   Skills:
 + Level 7.3 Fighting
 + Level 9.0 Staves
 + Level 3.1 Dodging
 - Level 1.4 Stealth
 + Level 9.9 Spellcasting
 + Level 10.8 Conjurations
 + Level 2.0 Necromancy
 + Level 8.4 Fire Magic
 + Level 7.3 Ice Magic
 + Level 4.1 Evocations


You had 16 spell levels left.
You knew the following spells:

 Your Spells              Type           Power      Damage    Failure   Level
a - Freeze                Ice            100%       1d11      1%          1
b - Frozen Ramparts       Ice            100%       1d16      1%          3
c - Hailstorm             Conj/Ice       61%        3d13      1%          4
d - Starburst             Conj/Fire      31%        6d10      11%         6

Your spell library contained the following spells:

 Spells                   Type           Power      Damage    Failure   Level
 Magic Dart               Conj           100%       1d8       1%          1
 Foxfire                  Conj/Fire      100%       2x1d9     1%          1
 Ozocubu's Armour         Ice            54%        N/A       1%          3
 Simulacrum               Ice/Necr       20%        N/A       65%         6
 Haunt                    Necr/Summ      10%        N/A       100%        7


Dungeon Overview and Level Annotations

Branches:
Dungeon (8/15) Zot: 1733   Temple (1/1) D:7 Zot: 547    Lair (2/5) D:8 Zot: 1097
 Spider (0/4) Lair:2        Sewer (visited)         Gauntlet (1/1) Zot: 320
  Swamp: Lair:2-3    Shoals: Lair:2-3

Altars:
Ashenzari
Cheibriados
Dithmenos
Elyvilon
Fedhas
Kikubaaqudgha
Makhleb
Nemelex Xobeh
Okawaru
Ru
Sif Muna
Trog
Uskayaw
Vehumet
Wu Jian
Yredelemnul
The Shining One

Shops:
D:8 !

Annotations:
Gauntlet 6 transporters


Innate Abilities, Weirdness & Mutations

You are a tree.
Your roots penetrate the ground, keeping you stationary.
You cannot be teleported.
You are immune to unholy pain and torment.
Your maximum health is greatly increased.
Your equipment is partially melded.
You passively map the area around you.
You are easily found by Zot.
You glow in the dark.
You regain HP and MP as you explore.
((Your flesh is heat resistant. (rF+)))
You are frail. (-10% HP)
((Your movements are slightly less encumbered by armour. (ER -2)))


Message History

* * * LOW HITPOINT WARNING * * *
The minotaur gores you but does no damage.
You hit the minotaur.
The minotaur is severely wounded.
You hit the minotaur but do no damage.
The minotaur is severely wounded.
The minotaur hits you but does no damage.
The minotaur gores you but does no damage.
You barely miss the minotaur.
The minotaur is severely wounded.
You are too berserk!
You barely miss the minotaur.
The minotaur furiously retaliates!
The minotaur headbutts you.
* * * LOW HITPOINT WARNING * * *
The minotaur is severely wounded.
The minotaur hits you but does no damage.
The minotaur gores you but does no damage.
You sock the minotaur!
The minotaur is severely wounded.
The minotaur hits you but does no damage.
The minotaur completely misses you.
You thump the minotaur!
The minotaur is almost dead.
You completely miss the minotaur.
The minotaur is almost dead.
The minotaur hits you with a +0 demon blade.
* * * LOW HITPOINT WARNING * * *
The minotaur gores you but does no damage.
You hit the minotaur but do no damage.
The minotaur is almost dead.
You hit the minotaur but do no damage.
The minotaur is almost dead.
The minotaur hits you but does no damage.
The minotaur gores you but does no damage.
You hit the minotaur.
The minotaur is almost dead.
You hit the minotaur but do no damage.
The minotaur is almost dead.
The minotaur hits you with a +0 demon blade!!
You die...

#8∩8# #:.[# #8.8# *
#=.[#### * 8,#8.8#.8###
#b..#....# # #8.8#..#.#
#.#..##H##..#.#
#.......♣.....#
#.#.##.#.##.#.#
#.#....#....#,#
###.#.#######.#.###
#≈...............≈# *
#8.8.8.8.8.8.8.8.8# *
#≈...............≈# 8*
#######.#########.####*
#≈.......#.#..≈∩≈..#.#...


You could see a minotaur (ally target).

Vanquished Creatures
  Gastronok (D:8)
  A tengu warrior (Gauntlet)
  A cane toad (Lair:1)
  A komodo dragon (Lair:2)
  A tengu conjurer (Gauntlet)
  A tyrant leech (Gauntlet)
  6 shadows (Gauntlet)
  6 yaks (Lair:2)
  A steam dragon (D:8)
  3 swamp worms (Gauntlet)
  2 water moccasins
  2 black bears
  2 ice beasts (D:6)
  2 ogres (D:5)
  A centaur (D:6)
  A phantom (D:6)
  5 bullfrogs
  2 scorpions (D:5)
  A wyvern skeleton (D:6)
  3 killer bees (D:8)
  A crimson imp (D:5)
  2 centaur zombies (D:6)
  4 hounds
  4 orc priests
  2 jellies
  2 bullfrog skeletons (D:6)
  A gnoll bouda (D:8)
  2 iguanas
  A howler monkey zombie (D:6)
  5 gnolls (D:8)
  9 adders
  4 ufetubi
  4 worms (D:3)
  A dart slug (D:4)
  16 orcs
  2 endoplasms
  7 giant cockroaches
  5 goblins
  6 hobgoblins
  2 jackals (D:2)
  6 quokkas
  12 ball pythons
  2 bats (D:2)
  11 frilled lizards
  4 kobolds
  A rat (D:1)
  A bush (D:8)
160 creatures vanquished.

Vanquished Creatures (collateral kills)
  A hornet zombie (D:6)
  A water moccasin zombie (D:6)
2 creatures vanquished.

Vanquished Creatures (others)
  43 withered plants
43 creatures vanquished.

Grand Total: 205 creatures vanquished

Notes
Turn   | Place    | Note
-------+----------+-------------------------------------------
     0 | D:1      | hawla the Meteoran Ice Elementalist began the quest for the
                  | Orb.
     0 | D:1      | Reached XP level 1. HP: 14/14 MP: 5/5
   104 | D:2      | Reached XP level 2. HP: 15/20 MP: 3/6
   127 | D:2      | Reached skill level 1 in Evocations
   146 | D:2      | Reached skill level 1 in Necromancy
   216 | D:3      | Reached XP level 3. HP: 19/26 MP: 2/8
   220 | D:3      | Learned a level 3 spell: Frozen Ramparts
   226 | D:3      | Found a glowing drain.
   266 | D:3      | HP: 1/26 [worm (4)]
   496 | Sewer    | Entered a sewer
   526 | Sewer    | Reached XP level 4. HP: 33/33 MP: 4/9
   552 | Sewer    | Learned a level 4 spell: Hailstorm
   590 | Sewer    | Reached skill level 5 in Ice Magic
   726 | Sewer    | Noticed a bullfrog
   727 | Sewer    | Noticed a bullfrog
   732 | Sewer    | Killed a bullfrog
   733 | Sewer    | Reached skill level 2 in Conjurations
   733 | Sewer    | Reached XP level 5. HP: 9/38 MP: 1/10
   739 | Sewer    | Gained mutation: You sometimes lose your temper in combat.
                  | [potion of mutation]
   745 | Sewer    | Killed a bullfrog
   746 | Sewer    | Reached skill level 3 in Conjurations
   746 | Sewer    | Reached XP level 6. HP: 28/45 MP: 0/11
   756 | Sewer    | Got the Handbook of Mortification and Blasts
  1230 | D:4      | Reached skill level 4 in Conjurations
  1253 | D:4      | Found a bloodstained altar of Trog.
  1310 | D:4      | Reached skill level 1 in Staves
  1393 | D:4      | Reached XP level 7. HP: 50/50 MP: 7/12
  1675 | D:5      | Entered Level 5 of the Dungeon
  1802 | D:5      | Reached skill level 5 in Conjurations
  1821 | D:5      | Reached XP level 8. HP: 57/57 MP: 6/13
  1895 | D:5      | Reached skill level 6 in Conjurations
  2067 | D:5      | Reached skill level 7 in Conjurations
  2141 | D:6      | Learned a level 6 spell: Starburst
  2173 | D:6      | Found a shadowy altar of Dithmenos.
  2184 | D:6      | Reached skill level 8 in Conjurations
  2186 | D:6      | Gained mutation: You passively map the area around you.
                  | [Meteoran growth]
  2186 | D:6      | Reached XP level 9. HP: 45/62 MP: 8/15
  2201 | D:6      | Reached skill level 1 in Fire Magic
  2466 | D:6      | Reached skill level 5 in Fire Magic
  2868 | D:7      | Reached skill level 9 in Conjurations
  2946 | D:7      | Found a staircase to the Ecumenical Temple.
  2970 | Temple   | Entered the Ecumenical Temple
  3018 | Temple   | Became a worshipper of Vehumet
  3055 | D:8      | Found an ancient bone altar of Kikubaaqudgha.
  3103 | D:8      | Found Wuheekk's Distillery.
  3117 | D:8      | Bought a potion of might for 48 gold pieces
  3117 | D:8      | Bought a potion of heal wounds for 60 gold pieces
  3117 | D:8      | Bought a potion of heal wounds for 60 gold pieces
  3117 | D:8      | Bought a potion of curing for 36 gold pieces
  3117 | D:8      | Bought a potion of lignification for 36 gold pieces
  3117 | D:8      | Bought a potion of might for 48 gold pieces
  3117 | D:8      | Lost mutation: You sometimes lose your temper in combat.
                  | [potion of mutation]
  3117 | D:8      | Gained mutation: You are frail. (-10% HP) [potion of
                  | mutation]
  3117 | D:8      | Gained mutation: Your flesh is heat resistant. (rF+)
                  | [potion of mutation]
  3117 | D:8      | Gained mutation: Your movements are slightly less
                  | encumbered by armour. (ER -2) [potion of mutation]
  3146 | D:8      | Reached XP level 10. HP: 77/77 MP: 15/23
  3156 | D:8      | Noticed Gastronok
  3181 | D:8      | Killed Gastronok
  3182 | D:8      | Reached XP level 11. HP: 37/82 MP: 3/24
  3311 | D:8      | Found a staircase to the Lair.
  3333 | Lair:1   | Entered Level 1 of the Lair of Beasts
  3349 | Lair:1   | Reached skill level 10 in Conjurations
  3352 | Lair:1   | You fall into a shaft and drop 1 floor!
  3362 | Lair:2   | Found a gate leading to a gauntlet.
  3396 | Lair:2   | Reached * piety under Vehumet
  3396 | Lair:2   | Offered knowledge of Magic Dart by Vehumet.
  3436 | Gauntlet | Entered a Gauntlet
  3436 | Gauntlet | Found a transporter.
  3436 | Gauntlet | Found a transporter.
  3441 | Gauntlet | Found a transporter.
  3441 | Gauntlet | Found a transporter.
  3441 | Gauntlet | Noticed a tengu warrior
  3448 | Gauntlet | Noticed a catoblepas
  3455 | Gauntlet | Found a transporter.
  3472 | Gauntlet | Found a transporter.
  3539 | Gauntlet | Killed a tengu warrior
  3554 | Gauntlet | Found a transporter.
  3590 | Gauntlet | Found a transporter.
  3609 | Gauntlet | Identified the amulet "Nues" {-Cast rPois rC+ Regen+}
  3615 | Gauntlet | Noticed a fire dragon
  3615 | Gauntlet | Noticed a six-headed hydra
  3615 | Gauntlet | a fire dragon changed into a six-headed hydra
  3619 | Gauntlet | Found a transporter.
  3621 | Gauntlet | Noticed a black mamba
  3621 | Gauntlet | a spriggan changed into a black mamba
  3623 | Gauntlet | Noticed a storm dragon
  3623 | Gauntlet | a six-headed hydra changed into a storm dragon
  3627 | Gauntlet | Noticed an emperor scorpion
  3627 | Gauntlet | a storm dragon changed into an emperor scorpion
  3628 | Gauntlet | Noticed an azure jelly
  3628 | Gauntlet | an emperor scorpion changed into an azure jelly
  3632 | Gauntlet | Noticed a sphinx
  3632 | Gauntlet | an azure jelly changed into a sphinx
  3633 | Gauntlet | Found a transporter.
  3641 | Gauntlet | Found a transporter.
  3645 | Gauntlet | Reached XP level 12. HP: 74/90 MP: 8/26
  3649 | Gauntlet | Found a transporter.
  3689 | Gauntlet | Identified the ring of Jiamyupn {rC- Will+ Int+4 SInv}
  3689 | Gauntlet | Noticed a minotaur
  3725 | Gauntlet | Slain by a minotaur

Illustrated notes

Levels and vault maps discovered:
D:1:      minmay_arrival_wavy_path, layout_basic, serial_shops, shop,
          dilly_ecumenical_altar_fadedgnrine
D:2:      minmay_alternating_diamond, layout_loops_ring, basic_altar,
          uniq_natasha
D:3:      layout_loops_ring, tgw_xom, cheibrodos_sewer_entry_drain
D:4:      layout_loops_ring, mainiacjoe_overflow_catwalk
D:5:      layout_basic, grunt_ministairs_15, st_stairs_12,
          minmay_fire_ice_demons
D:6:      layout_loops_ring, nicolae_dithmenos_shadow_blocks, serial_undead,
          serial_undead_f, serial_undead_d, serial_undead_b, serial_undead_c,
          roderic_three_in_a_row
D:7:      layout_rooms, lemuel_coloured_pillars_altar, lemuel_crystal_altar,
          minmay_temple_entry_junction_2
D:8:      layout_loops_ring, kiku_gazebo_garden_becter, lair_entry_dummy,
          serial_rivers, chequers_serial_rivers_micro_e,
          chequers_serial_rivers_room_a, chequers_serial_rivers_micro_b,
          chequers_serial_rivers_room_a, serial_shops, shop, minmay_hedge_maze,
          uniq_gastronok
Temple:   zaba_magenta_temple
Lair:1:   layout_concentric_octagons, basic_altar
Lair:2:   layout_long_grid, hellmonk_spider_entry_life_and_decay,
          gauntlet_entry_generic, hibernation_bobbens
Gauntlet: gammafunk_gauntlet_branching [nicolae_gauntlet_arena_x,
          gammafunk_gauntlet_arena_mazey, gammafunk_gauntlet_arena_split_x,
          gammafunk_gauntlet_arena_arrow_garden,
          gammafunk_gauntlet_arena_spirals, gammafunk_gauntlet_arena_teeth,
          nicolae_gauntlet_arena_flowing_pool, gammafunk_gauntlet_arena_hedges,
          nicolae_gauntlet_exit_dead_adventurers]

Skill      XL: |  1  2  3  4  5  6  7  8  9 10 11 |
---------------+----------------------------------+-----
Evocations     | 1 2 4 |  4.1
Necromancy     | 1 2 |  2.0
Ice Magic      | 5 6 7 |  7.3
Conjurations   | 2 3 4 5 8 9 10 | 10.8
Staves         | 2 4 9 |  9.0
Spellcasting   | 3 8 9 |  9.9
Fire Magic     | 6 7 8 |  8.4
Fighting       | 7 |  7.3
Dodging        | 3 |  3.1
Stealth        | |  1.4

Action                   |  1- 3 |  4- 6 |  7- 9 | 10-12 || total
-------------------------+-------+-------+-------+-------++-------
Melee: Staff             |     6 |    20 |    69 |    15 ||   110
       Quarterstaff      |       |       |       |    23 ||    23
 Cast: Freeze            |    47 |    39 |    28 |     7 ||   121
       Frozen Ramparts   |     3 |    17 |    28 |    14 ||    62
       Hailstorm         |       |     2 |    15 |    10 ||    27
       Starburst         |       |       |       |    16 ||    16
Evoke: Wand              |       |       |    24 |     4 ||    28
  Use: Scroll            |     2 |     6 |    10 |     3 ||    21
       Potion            |       |     3 |     6 |     6 ||    15
Armor: Robe              |     6 |    22 |    78 |    13 ||   119
       Skin              |       |       |       |    19 ||    19
Dodge: Dodged            |    19 |    44 |    77 |    24 ||   164
